 Dungeon Crawl Stone Soup version 0.31-a0-271-gb88eb75e06 (webtiles) character file.

Game seed: 12162018486864398614

118981 Shard1697 the Zephyrmancer (level 16, -9/136 HPs)
             Began as a Black Draconian Hedge Wizard on July 14, 2023.
             Was a High Priest of Vehumet.
             Engulfed by a cloud of freezing vapour (39 damage)
             ... on level 4 of the Swamp.
             The game lasted 00:57:06 (28292 turns).

Shard1697 the Zephyrmancer (DrHW)                  Turns: 28292, Time: 00:57:07

Health: -9/136     AC: 15    Str: 19    XL:     16   Next: 26%
Magic:  33/39      EV: 17    Int: 21    God:    Vehumet [*****.]
Gold:   980        SH: 10    Dex: 14    Spells: 3/35 levels left

rFire   . . .        a - +8 spear of the Shore {drain, Str+5 Stlth+}
rCold   . . .        k - +0 buckler
rNeg    + . .        (body armour unavailable)
rPois   +            D - +1 hat
rElec   +            L - +2 cloak
rCorr   +            Q - +0 pair of gloves
SInv    .            U - +0 pair of boots
Will    +....        w - amulet of reflection
Stlth   ++++         l - ring of positive energy
HPRegen 0.42/turn    E - ring "Bavat" {rPois rCorr MP+9 Dex+3 Slay+2}
MPRegen 0.26/turn

%: reflection
@: flying, slowed, very slow
A: breathe lightning, AC +9, unfitting armour, big wings, electricity
resistance, cold-blooded
a: Breathe Lightning, Renounce Religion


You were on level 4 of the Swamp.
You worshipped Vehumet.
Vehumet was extremely pleased with you.
You visited 4 branches of the dungeon, and saw 22 of its levels.

You collected 1260 gold pieces.
You spent 280 gold pieces at shops.

Inventory:

Hand Weapons
 a - the +8 spear of the Shore (weapon) {drain, Str+5 Stlth+}
   (You bought it in a shop on level 5 of the Dungeon)

   Str:       It affects your strength (+5).
   Stlth:     It makes you more stealthy.
 u - a +1 quarterstaff
 x - a +2 halberd of venom
Missiles
 z - a throwing net
Armour
 k - a +0 buckler (worn)
 D - a +1 hat (worn)
 L - a +2 cloak (worn)
 Q - a +0 pair of gloves (worn)
 U - a +0 pair of boots (worn)
Magical Staves
 b - a staff of conjuration
 g - a staff of cold
 s - a staff of earth
Jewellery
 l - a ring of positive energy (left hand)
 v - an amulet of faith
 w - an amulet of reflection (around neck)
 y - a ring of protection from fire
 E - the ring "Bavat" (right hand) {rPois rCorr MP+9 Dex+3 Slay+2}
   (You acquired it on level 3 of the Lair of Beasts)

   [ring of magical power]

   Dex:       It affects your dexterity (+3).
   Slay:      It affects your accuracy & damage with ranged weapons and melee
   (+2).
   rPois:     It protects you from poison.
   MP:        It affects your magic capacity (+9).
   rCorr:     It protects you from acid and corrosion.
 P - a ring of resist corrosion
Talismans
 f - a serpent talisman
Wands
 i - a wand of mindburst (61)
 n - a wand of light (14)
 C - a wand of iceblast (23)
 K - a wand of flame (22)
 T - a wand of paralysis (14)
Scrolls
 h - 3 scrolls of teleportation
 m - 4 scrolls of revelation
 o - a scroll of fear
 q - 2 scrolls of blinking
 r - 4 scrolls of enchant armour
 B - a scroll of brand weapon
 I - 4 scrolls of fog
 J - 2 scrolls of poison
 N - 2 scrolls of enchant weapon
 R - 2 scrolls of identify
 S - a scroll of summoning
 V - a scroll of amnesia
Potions
 c - a potion of magic
 d - 6 potions of might
 e - 6 potions of curing
 j - 5 potions of brilliance
 p - 3 potions of haste
 t - 2 potions of resistance
 A - 7 potions of mutation
 F - 3 potions of attraction
 G - a potion of lignification
 H - 2 potions of enlightenment
 M - 5 potions of heal wounds
 O - 2 potions of cancellation


   Skills:
 - Level 10.6 Fighting
 - Level 12.0 Polearms
 - Level 1.0(7.6) Staves
 + Level 11.6 Dodging
 + Level 6.9 Stealth
 - Level 5.0 Shields
 + Level 10.1 Spellcasting
 * Level 12.0 Conjurations
 - Level 4.2 Summonings
 - Level 3.9 Translocations
 * Level 14.7 Air Magic
 - Level 3.3 Poison Magic


You had 3 spell levels left.
You knew the following spells:

 Your Spells              Type           Power      Damage    Failure   Level
a - Magic Dart            Conj           100%       1d8       1%          1
b - Starburst             Conj/Fire      17%        6d6       26%         6
c - Static Discharge      Conj/Air       100%       2-7/arc   1%          2
d - Blink                 Tloc           54%        N/A       2%          2
e - Arcjolt               Conj/Air       30%        1d40      1%          5
f - Airstrike             Air            32%        2d(5-21)  1%          4
g - Freezing Cloud        Conj/Ice/Air   24%        6-21      1%          5
h - Mephitic Cloud        Conj/Pois/Air  52%        N/A       1%          3
t - Summon Lightning Spi  Summ/Air       50%        N/A       1%          4

Your spell library contained the following spells:

 Spells                   Type           Power      Damage    Failure   Level
 Irradiate                Conj/Tmut      17%        3d17      5%          5
 Foxfire                  Conj/Fire      100%       2x1d9     1%          1
 Kiss of Death            Conj/Necr      100%       2d13      1%          1
 Call Imp                 Summ           56%        N/A       1%          2
 Cigotuvi's Dreadful Rot  Necr/Pois/Air  72%        N/A       1%          2
 Searing Ray              Conj           100%       2d8       1%          2
 Swiftness                Air            64%        N/A       1%          3
 Ignite Poison            Fire/Tmut/Pois 15%        N/A       4%          3
 Slow                     Hex            40%        N/A       8%          1
 Summon Guardian Golem    Hex/Summ       19%        N/A       10%         3
 Ensorcelled Hibernation  Hex/Ice        20%        N/A       12%         2
 Passwall                 Tmut/Erth      8%         N/A       12%         2
 Sublimation of Blood     Necr           10%        N/A       12%         2
 Wereblood                Tmut           10%        N/A       12%         2
 Confusing Touch          Hex            10%        N/A       24%         3
 Fulminant Prism          Conj/Hex       17%        3d10      1%          4
 Orb of Destruction       Conj           28%        9d9       13%         7
 Plasma Beam              Fire/Air       20%        2x1d32    16%         6
 Lee's Rapid Deconstruct  Erth           5%         3d6*      45%         5
 Spellforged Servitor     Conj/Summ      22%        N/A       50%         7
 Dispel Undead            Necr           10%        3d9       61%         4
 Summon Hydra             Summ           14%        N/A       100%        7
 Animate Armour           Summ/Erth      Unusable   N/A       N/A         4

Dungeon Overview and Level Annotations

Branches:
Dungeon (12/15)            Temple (1/1) D:7            Lair (5/5) D:8
  Swamp (4/4) Lair:3        Snake (0/4) Lair:2        Slime (0/5) Lair:4
    Orc: D:9-12

Altars:
Ashenzari
Cheibriados
Dithmenos
Elyvilon
Fedhas
Gozag
Hepliaklqana
Kikubaaqudgha
Makhleb
Nemelex Xobeh
Okawaru
Qazlal
Ru
Sif Muna
Trog
Uskayaw
Vehumet
Wu Jian
Xom
Yredelemnul
Zin
The Shining One
Jiyva

Shops:
D:5 [?((   D:9 *

Annotations:
D:11 3 runed translucent doors, Tollund's ghost, journeyman BaIE
D:12 Frances; Rupert
Lair:4 exclusion: ice statue


Innate Abilities, Weirdness & Mutations

You can breathe wild blasts of lightning.
Your glossy black scales are hard. (AC +9)
You cannot fit into any form of body armour.
Your large and strong wings let you fly.
You are resistant to electric shocks. (rElec)
You are cold-blooded and may be slowed by cold attacks.


Message History

The swamp dragon barely misses you.
The swamp dragon is engulfed in freezing vapours.
The four-headed hydra is engulfed in freezing vapours.
You block the four-headed hydra's attack.
The four-headed hydra bites you.
The four-headed hydra bites you but does no damage.
You block the four-headed hydra's attack.
The four-headed hydra is engulfed in freezing vapours.
Casting: Freezing Cloud (mildly dangerous; 1% risk of failure)
Confirm with . or Enter, or press ? or * to list all spells.
Electricity surges outward!
The four-headed hydra is struck by an electric surge!
The four-headed hydra is almost dead.
The swamp dragon is struck by an electric surge!!
You kill the swamp dragon!
Vehumet accepts your kill.
You feel your power returning.
The four-headed hydra is struck by an electric surge!!
The four-headed hydra is severely wounded.
You are engulfed in freezing vapours.
* * * LOW HITPOINT WARNING * * *
The swamp dragon is engulfed in freezing vapours.
The four-headed hydra is engulfed in freezing vapours.
You kill the four-headed hydra!
Vehumet accepts your kill.
You feel your power returning.
The four-headed hydra is engulfed in freezing vapours.
The four-headed hydra seems to slow down.
You kill the four-headed hydra!
Vehumet accepts your kill.
The swamp dragon is engulfed in freezing vapours.
Your Conjurations skill increases to level 12!
Casting: Arcjolt (mildly dangerous; 1% risk of failure)
Confirm with . or Enter, or press ? or * to list all spells.
Electricity surges outward!
The swamp dragon is struck by an electric surge!!
The swamp dragon is almost dead.
You are engulfed in freezing vapours.
You feel as though you will be slow longer.
You die...

♣♣♣ ♣♣♣♣♣ ♣♣ ~~♣♣ ♣~)~♣♣
♣♣♣♣♣♣♣♣~♣ ~~.♣♣♣~~~.♣
♣♣..♣♣~~~♣♣♣♣ ♣♣♣
~~.~♣.~~~.♣♣♣♣[..♣.~~.~..♣ ♣~♣♣
~~♣...~~~♣♣~..♣~○○°~.....♣♣♣♣♣..♣
♣♣~.~~~~~♣..[♣♣♣☼°°○.....~~.♣~..♣
♣.....~~~...~~♣°°°♣~~.~~~~...~~.♣
~~~~~~~~.....♣♣♣@♣~♣♣♣♣~♣♣♣~♣♣~~♣
~~~§~~~<♣♣.§§§§D○♣♣# ♣♣♣ ♣♣♣♣♣.♣
♣~~~~~~.♣♣§~§§§○♣♣ ♣♣.
♣♣♣.~~~♣♣♣.~☼§§♣♣ ♣. ♣♣♣♣♣♣
♣~~§§§♣♣ ♣♣ ♣♣.÷§~~.♣ ♣ ♣~..~~~.♣
# ♣.....~♣♣ .. ♣♣..[.♣♣ .k≈


You could see a swamp dragon.

Vanquished Creatures
  A tentacled monstrosity (Swamp:4)
  Donald (Swamp:3)
  5 ghouls
  Nessos (Lair:4)
  4 eleionomae
  2 bunyips
  A fire dragon (Lair:1)
  16 hydras
  A catoblepas (Lair:5)
  An ogre mage (D:10)
  7 alligators
  4 ghost crabs
  3 two-headed ogres
  8 death yaks
  A spriggan berserker (Swamp:4)
  A skyshark (Lair:5)
  6 goliath frogs
  5 swamp dragons
  3 spriggan druids
  5 bog bodies
  A wolf spider (Lair:5)
  2 ugly things (D:11)
  3 will-o-the-wisps
  13 black mambas
  9 elephants
  Maggie (D:6)
  5 apocalypse crabs (Swamp:3)
  2 unseen horror zombies (D:7)
  8 komodo dragons
  15 cane toads
  An unseen horror (D:11)
  4 rime drakes
  A kobold demonologist (D:12)
  A freezing wraith (Lair:4)
  4 trolls
  5 polar bears
  4 hornets
  3 tyrant leeches
  23 blink frogs
  9 dream sheep
  2 shadows (D:11)
  A slime creature (D:8)
  A wraith (D:11)
  24 yaks
  5 spriggans
  17 wyverns
  4 basilisks
  An unseen horror simulacrum (D:10)
  3 humans (D:6)
  2 redbacks (Lair:5)
  2 vampire mosquitoes (Swamp:1)
  A steam dragon (D:8)
  Edmund (D:6)
  2 acid dragons (D:8)
  21 water moccasins
  A hell hound (D:12)
  13 swamp worms
  Duvessa (D:6)
  5 orc warriors
  A swamp drake (Swamp:4)
  A black bear (Lair:3)
  11 ice beasts
  A sky beast (D:6)
  A hornet zombie (D:7)
  2 ogres (D:7)
  11 wolves
  3 centaurs
  A phantom (D:3)
  5 kobold brigands
  8 bullfrogs
  A wyvern zombie (D:7)
  2 necrophages (Swamp:4)
  2 scorpions
  A gnoll sergeant (D:9)
  9 wights
  Dowan (D:6)
  4 killer bees
  6 howler monkeys
  7 electric eels
  5 centaur zombies (D:7)
  2 orc priests
  2 bullfrog zombies (D:7)
  4 hounds
  A jelly (D:8)
  2 iguanas
  15 orc wizards
  3 killer bee zombies (D:7)
  2 hound zombies (D:4)
  2 howler monkey zombies (D:7)
  6 gnolls
  7 adders
  5 white imps
  4 ufetubi
  2 adder zombies (D:4)
  A dart slug (D:3)
  21 orcs
  4 bats
  7 endoplasms
  6 giant cockroaches
  13 goblins
  9 hobgoblins
  13 jackals
  3 quokkas
  6 ball pythons
  2 frilled lizards
  17 kobolds
  8 rats
547 creatures vanquished.

Vanquished Creatures (collateral kills)
  2 eleionomae (Swamp:2)
  A hydra (Lair:2)
  A centaur warrior (D:8)
  2 ghost crabs (Swamp:3)
  An alligator (Swamp:3)
  4 death yaks
  A skyshark (Lair:5)
  A goliath frog (Swamp:3)
  3 swamp dragons
  A will-o-the-wisp (Swamp:3)
  A wolf spider (Lair:5)
  A guardian serpent (Lair:5)
  3 elephants
  A cane toad (Lair:5)
  A rime drake (Lair:5)
  2 komodo dragons
  A bloated husk (Swamp:3)
  A polar bear (Lair:5)
  A tyrant leech (Swamp:4)
  2 hornets
  2 dream sheep (Lair:5)
  3 blink frogs
  6 yaks
  A redback (Lair:5)
  2 water moccasins
  3 ice beasts
  A wolf (Lair:3)
  A necrophage (Swamp:3)
  A water moccasin zombie (D:4)
  Jessica (D:2)
  Terence (D:1)
  Robin (D:3)
  3 worms
  4 orcs
  3 bats
  3 endoplasms
  3 goblins
  A hobgoblin (D:3)
  4 jackals
  4 kobolds
  A frilled lizard (D:3)
  2 rats (D:3)
82 creatures vanquished.

Vanquished Creatures (others)
  A spriggan druid (Swamp:3)
  A bloated husk (Swamp:2)
  A swamp worm (Swamp:2)
  18 foxfires
21 creatures vanquished.

Grand Total: 650 creatures vanquished

Notes
Turn   | Place    | Note
-------+----------+-------------------------------------------
     0 | D:1      | Shard1697 the Draconian Hedge Wizard began the quest for
                  | the Orb.
     0 | D:1      | Reached XP level 1. HP: 14/14 MP: 4/4
    95 | D:1      | Reached XP level 2. HP: 5/20 MP: 0/6
   236 | D:1      | Learned a level 2 spell: Call Imp
   723 | D:1      | Reached XP level 3. HP: 23/26 MP: 5/7
  1245 | D:2      | Noticed Jessica
  1250 | D:2      | Noticed Terence
  1477 | D:1      | Killed Terence
  1478 | D:1      | Reached XP level 4. HP: 5/33 MP: 0/8
  1908 | D:2      | Killed Jessica
  2481 | D:3      | Noticed a phantom
  2484 | D:3      | Reached XP level 5. HP: 38/38 MP: 6/9
  2535 | D:3      | Killed a phantom
  2854 | D:3      | Reached XP level 6. HP: 30/45 MP: 7/10
  2968 | D:3      | Learned a level 3 spell: Mephitic Cloud
  3012 | D:3      | Noticed Robin
  3023 | D:3      | Killed Robin
  3365 | D:4      | Reached skill level 1 in Air Magic
  3365 | D:4      | Reached skill level 1 in Poison Magic
  3733 | D:4      | Found a basalt altar of Yredelemnul.
  4275 | D:5      | Entered Level 5 of the Dungeon
  4328 | D:5      | Found a burning altar of Makhleb.
  4361 | D:5      | Reached skill level 2 in Air Magic
  4361 | D:5      | Your scales start taking on a glossy black colour.
  4361 | D:5      | Reached XP level 7. HP: 50/50 MP: 9/11
  4361 | D:5      | Gained mutation: You are resistant to electric shocks.
                  | (rElec) [Black Draconian growth]
  4381 | D:5      | Found a blossoming altar of Fedhas.
  4388 | D:5      | Found Xuvuxiym's Magic Scroll Boutique.
  4389 | D:5      | Found Ratz's Antique Weapon Shop.
  4397 | D:5      | Reached skill level 5 in Conjurations
  4401 | D:5      | Bought a scroll of fog for 56 gold pieces
  4401 | D:5      | Bought a scroll of fog for 56 gold pieces
  4567 | D:5      | Reached skill level 3 in Air Magic
  4718 | D:5      | Found Ykyasaal's Antique Armour Boutique.
  4795 | D:5      | Found Juaq's Weapon Shoppe.
  5146 | D:5      | Reached skill level 4 in Air Magic
  5366 | D:6      | Reached skill level 1 in Fighting
  5366 | D:6      | Reached skill level 1 in Staves
  5498 | D:5      | Bought a shimmering spear for 168 gold pieces
  5498 | D:5      | Identified the +8 spear of the Shore {drain, Str+5 Stlth+}
                  | (You bought it in a shop on level 5 of the Dungeon)
  5521 | D:6      | Noticed Maggie
  5574 | D:6      | Noticed Duvessa
  5578 | D:6      | Noticed Dowan
  5590 | D:6      | Killed Duvessa
  5591 | D:6      | Reached skill level 1 in Polearms
  5591 | D:6      | Reached skill level 1 in Shields
  5591 | D:6      | Reached XP level 8. HP: 40/59 MP: 8/12
  5597 | D:6      | Killed Dowan
  5671 | D:6      | Noticed Edmund
  5686 | D:6      | Killed Edmund
  6479 | D:6      | Identified the +5 short sword "Hide" {elec, rElec}
  6759 | D:6      | Reached skill level 5 in Polearms
  6759 | D:6      | Reached skill level 5 in Shields
  6777 | D:7      | Reached XP level 9. HP: 60/64 MP: 8/13
  6819 | D:7      | Found a snail-covered altar of Cheibriados.
  6820 | D:7      | Found an iron altar of Okawaru.
  6821 | D:7      | Found a sacrificial altar of Ru.
  6840 | D:7      | Found a staircase to the Ecumenical Temple.
  7296 | D:7      | Reached skill level 5 in Fighting
  7297 | D:7      | Found an opulent altar of Gozag.
  7350 | Temple   | Entered the Ecumenical Temple
  7722 | D:6      | Killed Maggie
  7733 | D:6      | Reached XP level 10. HP: 73/84 MP: 14/14
  7741 | D:6      | Found a bloodstained altar of Trog.
  7889 | D:7      | Found a shimmering blue altar of Sif Muna.
  7980 | D:7      | Found a hide-covered altar of Uskayaw.
  8534 | D:8      | Learned a level 2 spell: Blink
  8773 | D:8      | Identified the +4 great sword "Ruumm" {pain, +Blink rCorr}
  8983 | D:8      | Found a staircase to the Lair.
  9152 | D:8      | Noticed a centaur warrior
  9156 | D:8      | Noticed a two-headed ogre
  9168 | D:8      | Killed a centaur warrior
  9175 | D:8      | Killed a two-headed ogre
  9404 | D:8      | Found a white marble altar of Elyvilon.
 10064 | D:9      | Found Keych's Assorted Antiques.
 10074 | D:9      | Reached skill level 10 in Fighting
 10074 | D:9      | Reached skill level 10 in Polearms
 10074 | D:9      | Reached skill level 5 in Spellcasting
 10074 | D:9      | Reached XP level 11. HP: 101/101 MP: 14/19
 10125 | D:9      | Noticed a two-headed ogre
 10136 | D:9      | Killed a two-headed ogre
 10137 | D:9      | Reached XP level 12. HP: 85/108 MP: 15/20
 10800 | D:10     | Entered Level 10 of the Dungeon
 11185 | D:10     | Found a glowing silver altar of Zin.
 11206 | D:10     | Found a shadowy altar of Dithmenos.
 11323 | D:10     | Found a radiant altar of Vehumet.
 11383 | D:10     | Became a worshipper of Vehumet
 11563 | D:10     | Noticed an ogre mage
 11574 | D:10     | Killed an ogre mage
 11787 | D:11     | Found a runed translucent gate.
 11787 | D:11     | Found a runed translucent gate.
 11787 | D:11     | Found a runed translucent gate.
 11788 | D:11     | Noticed Tollund's ghost (journeyman BaIE)
 11822 | D:11     | Noticed a two-headed ogre
 11840 | D:11     | Killed a two-headed ogre
 12027 | D:11     | Learned a level 6 spell: Starburst
 12973 | D:12     | Noticed Frances
 13129 | D:12     | Noticed Rupert
 13249 | Lair:1   | Entered Level 1 of the Lair of Beasts
 13275 | Lair:1   | Reached * piety under Vehumet
 13275 | Lair:1   | Offered knowledge of Sandblast by Vehumet.
 13315 | Lair:1   | Learned a level 4 spell: Summon Lightning Spire
 13350 | Lair:1   | Reached skill level 5 in Air Magic
 13378 | Lair:1   | Reached skill level 6 in Air Magic
 13600 | Lair:1   | Reached skill level 7 in Air Magic
 13896 | Lair:1   | Reached skill level 8 in Air Magic
 14350 | Lair:1   | Noticed a fire dragon
 14367 | Lair:1   | Killed a fire dragon
 14368 | Lair:1   | Reached skill level 9 in Air Magic
 14368 | Lair:1   | Reached XP level 13. HP: 75/114 MP: 20/22
 14736 | Lair:2   | Learned a level 5 spell: Freezing Cloud
 14897 | Lair:2   | Found a staircase to the Snake Pit.
 14951 | Lair:2   | Reached skill level 10 in Air Magic
 14954 | Lair:2   | Reached ** piety under Vehumet
 14954 | Lair:2   | Offered knowledge of Shock by Vehumet.
 16285 | Lair:3   | Reached skill level 11 in Air Magic
 16718 | Lair:3   | Offered knowledge of Static Discharge by Vehumet.
 16740 | Lair:3   | Identified a scroll of acquirement
 16740 | Lair:3   | Acquired the ring "Bavat" {rPois rCorr MP+9 Dex+3 Slay+2}
 16845 | Lair:3   | Learned a level 2 spell: Static Discharge
 17057 | Lair:3   | Found a staircase to the Swamp.
 17066 | Lair:3   | Reached *** piety under Vehumet
 17686 | Lair:4   | Offered knowledge of Airstrike by Vehumet.
 17814 | Lair:4   | Found a staircase to the Slime Pits.
 17814 | Lair:4   | Found a viscous altar of Jiyva.
 17931 | Lair:4   | Learned a level 4 spell: Airstrike
 18467 | Lair:4   | Reached **** piety under Vehumet
 18532 | Lair:4   | Noticed Nessos
 18543 | Lair:4   | Killed Nessos
 18544 | Lair:4   | Gained mutation: Your large and strong wings let you fly.
                  | [Black Draconian growth]
 18544 | Lair:4   | Reached XP level 14. HP: 79/122 MP: 27/27
 19151 | Lair:5   | Entered Level 5 of the Lair of Beasts
 19368 | Lair:5   | Reached skill level 10 in Spellcasting
 19423 | Lair:5   | Reached skill level 12 in Air Magic
 19425 | Lair:5   | Offered knowledge of Arcjolt by Vehumet.
 19446 | Lair:5   | Learned a level 5 spell: Arcjolt
 19686 | Lair:5   | Reached skill level 10 in Conjurations
 19911 | Lair:5   | Reached skill level 13 in Air Magic
 20505 | Lair:5   | Reached ***** piety under Vehumet
 20505 | Lair:5   | Offered knowledge of Ozocubu's Refrigeration by Vehumet.
 20695 | Lair:5   | Reached skill level 14 in Air Magic
 21616 | Swamp:1  | Entered Level 1 of the Swamp
 21631 | Swamp:1  | Reached skill level 5 in Dodging
 21762 | Swamp:1  | Reached XP level 15. HP: 125/128 MP: 29/29
 22301 | Swamp:1  | Found a hide-covered altar of Uskayaw.
 23199 | Swamp:2  | Identified the +7 whip of Broken Luck {freeze, rC+ Dex+4}
 24757 | Swamp:3  | Reached skill level 10 in Dodging
 24774 | Swamp:3  | Noticed Donald
 25207 | Swamp:3  | Killed Donald
 25421 | Swamp:3  | Found a runed translucent door.
 26715 | Swamp:3  | Paralysed by you for 2 turns
 26926 | Swamp:4  | Entered Level 4 of the Swamp
 27067 | Swamp:4  | Reached skill level 5 in Stealth
 27126 | Swamp:4  | Noticed a tentacled monstrosity
 27149 | Swamp:4  | Offered knowledge of Irradiate by Vehumet.
 27160 | Swamp:4  | Killed a tentacled monstrosity
 27518 | Swamp:3  | Reached XP level 16. HP: 82/136 MP: 22/30
 28292 | Swamp:4  | Engulfed by a cloud of freezing vapour

Illustrated notes

Levels and vault maps discovered:
D:1:      enne_arrival_octagon_isle, layout_basic
D:2:      layout_basic, minmay_crystal_room, amcnicky_mini_pool_small,
          minmay_circled_x, uniq_jessica, uniq_terence
D:3:      cheibrodos_greedy_goblins, layout_loops_ring, nrook_campfire,
          grunt_ministairs_5, minmay_fractal_squares_diagonal_5, uniq_robin
D:4:      layout_gridville, nicolae_yredelemnul_corpse_copse
D:5:      layout_basic, mainiacjoe_overflow_catch_the_wave, serial_shops,
          nicolae_shop_dealshenge, shop, shop, nicolae_shop_hallway_plus
D:6:      layout_loops_corners, mainiacjoe_overflow_alcove_2, minmay_ruffians,
          uniq_maggie, uniq_edmund, uniq_duvessa
D:7:      layout_rooms, mainiacjoe_overflow_24_doors, kennysheep_mini_moat,
          mainiacjoe_overflow_small_starburst,
          gammafunk_temple_overflow_forgotten, minmay_temple_entry_mini_moons,
          serial_undead, serial_undead_d, serial_undead_d, serial_undead_d,
          serial_undead_d, serial_undead_b
D:8:      minmay_blocky_corners, layout_cave_pools, elyvilon_altar_1,
          hellmonk_lair_entry_icy
D:9:      layout_irregular_city, serial_shops, shop
D:10:     layout_cave_pools, mainiacjoe_overflow_cross_hatched,
          mainiacjoe_overflow_alcove_4, nicolae_overflow_hidden_temple,
          serial_ice, serial_ice_e, serial_ice_g, serial_ice_i, serial_ice_f,
          roderic_roman_lattice, minmay_librarian
D:11:     layout_gridville, gammafunk_ghost_spectres, minmay_misc_feat_chi
D:12:     wander_river, layout_stronghold, david_orc_5, serial_column_ruins,
          column_ruins_hut_pillars, column_ruins_open_tiny,
          column_ruins_corridor_straight, column_ruins_open_tiny,
          column_ruins_open_small, column_ruins_columns_plus, uniq_azrael,
          uniq_erolcha, uniq_rupert, uniq_frances
Temple:   nicolae_temple_colour_theory
Lair:1:   dragon1_lemuel, layout_concentric_octagons
Lair:2:   layout_small_grid, guppyfry_snake_entry_island, serial_bayou_lake_a
Lair:3:   layout_cave_shapes, minmay_swamp_entry_eels
Lair:4:   layout_regular_city, slime_entry_1, ice2_lemuel, lemuel_fruit_tree,
          grunt_megastairs_4, uniq_nessos
Lair:5:   hangedman_lair_tendril_chambers, layout_regular_city,
          grunt_forest_large_clearing_hut
Swamp:1:  layout_basic_swamp, nicolae_swamp_godswood, swamp_pool1
Swamp:2:  layout_falls_marsh, evilmike_swamp_ruin_rubble_1, swamp_pool1
Swamp:3:  gammafunk_mikee_crab_dinner, layout_basic_swamp,
          nicolae_swamp_tree_isthmus, uniq_donald
Swamp:4:  swamp_basic_johnstein, layout_basic_swamp, infiniplex_staircase_pool

Skill      XL: |  1  2  3  4  5  6  7  8  9 10 11 12 13 14 15 16 |
---------------+-------------------------------------------------+-----
Conjurations   | 2 3 4 5 7 9 11 12 | 12.0
Summonings     | 2 3 4 |  4.2
Air Magic      | 2 4 9 11 14 | 14.7
Poison Magic   | 2 3 |  3.3
Fighting       | 1 6 10 | 10.6
Staves         | 1 |  1.0
Polearms       | 1 5 7 10 11 12 | 12.0
Shields        | 1 5 |  5.0
Translocations | 3 |  3.9
Spellcasting   | 5 6 9 10 | 10.1
Dodging        | 2 4 5 11 | 11.6
Stealth        | 5 6 |  6.9

Action                     |  1- 3 |  4- 6 |  7- 9 | 10-12 | 13-15 | 16-18 || total
---------------------------+-------+-------+-------+-------+-------+-------++-------
  Melee: Dagger            |    30 |   163 |       |       |       |       ||   193
         Tailslap          |    15 |    27 |    42 |    88 |   217 |     8 ||   397
         Short sword       |   118 |    33 |       |       |       |       ||   151
         Long sword        |       |     4 |       |       |       |       ||     4
         Quarterstaff      |       |    47 |    70 |       |       |       ||   117
         Spear             |       |       |   237 |   610 |  1187 |    51 ||  2085
   Cast: Magic Dart        |    30 |     4 |    15 |     3 |       |       ||    52
         Call Imp          |    12 |    20 |    24 |    23 |       |       ||    79
         Mephitic Cloud    |       |       |     1 |     3 |     4 |       ||     8
         Summon Lightning  |       |       |       |     1 |    70 |     4 ||    75
         Static Discharge  |       |       |       |       |     4 |       ||     4
         Freezing Cloud    |       |       |       |       |    25 |     7 ||    32
         Blink             |       |       |       |       |     3 |       ||     3
         Arcjolt           |       |       |       |       |    27 |     6 ||    33
         Airstrike         |       |       |       |       |    16 |     4 ||    20
Ability: Breathe Lightning |       |       |       |     3 |     2 |       ||     5
  Evoke: Wand              |       |       |       |       |     2 |       ||     2
    Use: Potion            |       |     2 |       |     1 |     5 |       ||     8
         Scroll            |       |     4 |     6 |     7 |    17 |     2 ||    36
   Stab: Sleeping          |     5 |     6 |     2 |     3 |    10 |       ||    26
         Distracted        |       |     1 |     1 |     5 |    16 |       ||    23
         Confused          |       |       |     1 |     3 |     3 |       ||     7
         Invisible         |       |       |       |       |     2 |       ||     2
         Paralysed         |       |       |       |       |     3 |       ||     3
 Armour: Skin              |    47 |    92 |    99 |   132 |   235 |    25 ||   630
  Dodge: Dodged            |   126 |   125 |   153 |   163 |   375 |    36 ||   978
  Block: Buckler           |    11 |    42 |   110 |   212 |   321 |    28 ||   724
         Other             |       |     9 |    16 |       |       |       ||    25
         Reflection        |       |       |       |    10 |     4 |     1 ||    15

Table legend: (Time is in decaauts)
 A = Elapsed time spent in this place.
 B = Non-inter-level travel time spent in this place.
 C = Inter-level travel time spent in this place.
 D = Time resting spent in this place.
 E = Time spent auto-exploring this place.
 F = Levels seen in this place.
 G = Mean time per level.
                   A        B        C        D        E       F      G
               +--------+--------+--------+--------+--------+-----+--------+
         Total |  27626 |  26344 |   1282 |   4847 |  16213 |  22 | 1255.7 |
       Dungeon |  13053 |  12163 |    890 |   1434 |   7859 |  12 | 1087.8 |
        Temple |     74 |     69 |      5 |      0 |     61 |   1 |   74.0 |
          Lair |   7967 |   7802 |    165 |    247 |   6136 |   5 | 1593.4 |
         Swamp |   6531 |   6311 |    220 |   3166 |   2156 |   4 | 1632.8 |
               +--------+--------+--------+--------+--------+-----+--------+

Top non-repeatable levels by time:
 Swamp:3: 3736 daAuts
  Lair:5: 2105 daAuts
     D:6: 1825 daAuts
  Lair:4: 1633 daAuts
  Lair:3: 1543 daAuts
     D:3: 1438 daAuts
  Lair:2: 1412 daAuts
 Swamp:2: 1322 daAuts
    D:11: 1288 daAuts
  Lair:1: 1273 daAuts
     D:5: 1263 daAuts
     D:1: 1201 daAuts
     D:8: 1188 daAuts
 Swamp:1: 1098 daAuts
     D:9: 1031 daAuts
